 Dungeon Crawl Stone Soup version 0.30-a0-613-gdd512c7efb (webtiles) character file.

Game seed: 16496093781219782183

3545 wormed the Cudgeller (level 10, -7/53 HPs)
             Began as a Vine Stalker Fighter on Jan 9, 2023.
             Shot with an arrow by a centaur warrior (15 damage)
             ... on level 8 of the Dungeon.
             The game lasted 00:09:55 (6382 turns).

wormed the Cudgeller (Vine Stalker Fighter)         Turns: 6382, Time: 00:09:55

Health: -7/53      AC:  9    Str: 22    XL:     10   Next: 9%
Magic:  0/11       EV: 11    Int:  8    God:
Gold:   500        SH:  5    Dex: 15    Spells: 9/9 levels left

rFire   . . .      SeeInvis .    a - +0 flail
rCold   . . .      Faith    .    c - +0 buckler
rNeg    . . .      Spirit   +    b - +0 scale mail
rPois   .          Reflect  .    i - +0 helmet
rElec   .          Harm     .    (no cloak)
rCorr   .          Rampage  .    (no gloves)
Will    +....                    t - +0 pair of boots Stlth
                                 n - amulet of magic regeneration
HPRegen 1.08/turn                (no ring)
MPRegen 0.52/turn                (no ring)

@: no status effects
A: fangs 3, regeneration 1, magic shield, antimagic bite, no potion heal 2
a: no special abilities


You were on level 8 of the Dungeon.
You visited 1 branch of the dungeon, and saw 8 of its levels.

You collected 500 gold pieces.

Inventory:

Hand Weapons
 a - a +0 flail (weapon)
Missiles
 l - 13 poisoned darts
Armour
 b - a +0 scale mail (worn)
 c - a +0 buckler (worn)
 i - a +0 helmet (worn)
 t - a +0 pair of boots (worn)
Jewellery
 n - an amulet of magic regeneration (around neck)
 u - a ring of fire
Wands
 q - a wand of iceblast (11)
 r - a wand of light (11) (quivered)
Scrolls
 f - 4 scrolls of teleportation
 x - a scroll of vulnerability {unknown}
 y - 4 scrolls of identify {unknown}
 z - a scroll of enchant armour {unknown}
Potions
 d - 3 potions of lignification {unknown}
 e - 3 potions of resistance {unknown}
 g - 4 potions of curing {unknown}
 h - a potion of degeneration {unknown}
 j - 3 potions of attraction {unknown}
 k - 2 potions of heal wounds {unknown}
 o - 2 potions of haste {unknown}
 p - 2 potions of mutation {unknown}
 s - a potion of might
 v - a potion of brilliance {unknown}
 w - 2 potions of cancellation {unknown}


   Skills:
 + Level 6.0 Fighting
 * Level 7.8 Maces & Flails
 + Level 5.3 Armour
 + Level 4.5 Dodging
 + Level 5.8 Shields


You had 9 spell levels left.
You didn't know any spells.
Your spell library contained the following spells:

 Spells                   Type           Power      Damage    Failure   Level
 Cigotuvi's Dreadful Rot  Necr/Pois/Air  0%         N/A       91%         2
 Poisonous Vapours        Pois/Air       0%         N/A       91%         2
 Frozen Ramparts          Ice            0%         1d1       99%         3
 Mephitic Cloud           Conj/Pois/Air  0%         N/A       99%         3
 Ice Form                 Ice/Tmut       0%         N/A       100%        4
 Summon Ice Beast         Ice/Summ       0%         N/A       100%        4
 Iskenderun's Battlesphe  Conj           0%         2d6       100%        5
 Iron Shot                Conj/Erth      0%         9d1       100%        6
 Spellforged Servitor     Conj/Summ      0%         N/A       100%        7


Dungeon Overview and Level Annotations

Branches:
Dungeon (8/15)             Temple (0/1) D:4
   Lair: D:8-11

Altars:
Okawaru
Qazlal
Trog
Vehumet
Xom
Zin

Shops:
D:4 *


Innate Abilities, Weirdness & Mutations

You have razor-sharp teeth.
Your natural rate of healing is unusually fast.
When hurt, damage is shared between your health and your magic reserves.
Your bite disrupts and absorbs the magic of your enemies.
Potions cannot restore your health.


Message History

The steam dragon is almost dead.
You are engulfed in a cloud of scalding steam.
The steam dragon bites you. The steam dragon barely misses you.
Aiming: Bolt of Light
Press: ? - help, Q - select action, (/) - cycle Shift-Dir - straight line, f/p - steam dragon
Aim: a steam dragon (moderately wounded, blind, 71% to hit)
The bolt of light hits the steam dragon.
You kill the steam dragon!
The bolt of light hits the steam dragon!
The steam dragon is severely wounded.
Aiming: Bolt of Light
Press: ? - help, Q - select action, (/) - cycle Shift-Dir - straight line, f/p - steam dragon
Aim: a steam dragon (severely wounded, blind, 71% to hit)
The bolt of light hits the steam dragon!
You kill the steam dragon!
Your Fighting skill increases to level 6!
A centaur warrior comes into view.
The centaur warrior wields a +0 longbow.
The centaur warrior shoots an arrow.
You block the arrow.
A centaur warrior is nearby!
Aiming: Bolt of Light
Press: ? - help, Q - select action, (/) - cycle Shift-Dir - straight line, f - centaur warrior
Aim: a centaur warrior, wielding a +0 longbow (79% to hit)
The bolt of light hits the centaur warrior!
The centaur warrior is lightly wounded.
The centaur warrior is blinded.
The centaur warrior shoots an arrow.
The arrow hits you!!
* * * LOW HITPOINT WARNING * * *
A vampire mosquito comes into view.
The centaur warrior shoots an arrow.
The arrow hits you!
* * * LOW HITPOINT WARNING * * *
Aiming: Bolt of Light
Press: ? - help, Q - select action, (/) - cycle Shift-Dir - straight line, f/p - centaur warrior
Aim: a centaur warrior, wielding a +0 longbow (lightly wounded, blind, 79% to hit)
The bolt of light hits the centaur warrior!
The centaur warrior is moderately wounded.
The vampire mosquito buzzes angrily.
The centaur warrior shoots an arrow.
The arrow barely misses you.
The centaur warrior shoots an arrow.
The arrow hits you!!
You die...

##....# # .##.....# #. #
#.##.....# #. #..y# .#....# .# ..
### .#.. .#....# .# #$#. ##.##
..#.##.#....# .#
#...##..c##...##.##....##### #.#
###(.#.#..#####(#.#........ ##.#
#..#######@.#..#.##........ #
#.##...#######...##.###........ #
#.####.......####.## #....####
#####.....(.........######......#
#.................[.....##......#
....................(......<....[
......#####.##..(................
...#....##.......................
........##..##...................


You could see a centaur warrior (blind).

Vanquished Creatures
  Prince Ribbit (D:6)
  A hornet (D:8)
  Sigmund (D:5)
  2 steam dragons (D:8)
  A water moccasin (D:8)
  4 ice beasts
  An orc warrior (D:5)
  A sky beast (D:6)
  4 black bears
  A centaur (D:8)
  3 phantoms
  Blork the orc (D:5)
  A kobold brigand (D:4)
  2 bullfrogs
  4 scorpions
  A howler monkey (D:7)
  2 orc priests (D:4)
  3 jellies
  4 hounds
  A gnoll bouda (D:5)
  3 iguanas
  Natasha (thrice) (D:2)
  4 orc wizards
  Robin (D:4)
  13 gnolls
  4 adders
  2 shadow imps
  3 white imps
  An ufetubus (D:6)
  2 worms
  3 dart slugs
  17 orcs
  10 endoplasms
  7 giant cockroaches
  17 goblins
  17 hobgoblins
  2 jackals (D:4)
  30 kobolds
  5 quokkas
  10 ball pythons
  7 bats
  2 frilled lizards (D:2)
  4 rats
206 creatures vanquished.

Vanquished Creatures (others)
  A goblin (D:4)
  18 plants
19 creatures vanquished.

Grand Total: 225 creatures vanquished

Notes
Turn   | Place    | Note
-------+----------+-------------------------------------------
     0 | D:1      | wormed the Vine Stalker Fighter began the quest for the
                  | Orb.
     0 | D:1      | Reached XP level 1. HP: 11/11 MP: 2/2
    24 | D:1      | You fall into a shaft and drop 1 floor!
   101 | D:1      | Reached skill level 2 in Maces & Flails
   106 | D:1      | Reached XP level 2. HP: 16/16 MP: 3/3
   406 | D:1      | Reached XP level 3. HP: 19/19 MP: 4/4
  1102 | D:2      | Noticed Natasha
  1112 | D:2      | Killed Natasha
  1113 | D:2      | Gained mutation: Your natural rate of healing is unusually
                  | fast. [Vine Stalker growth]
  1113 | D:2      | Reached XP level 4. HP: 5/24 MP: 1/5
  1138 | D:2      | Noticed Natasha
  1145 | D:2      | Killed Natasha
  1146 | D:2      | Reached skill level 1 in Dodging
  1156 | D:2      | Noticed a scorpion
  1163 | D:2      | Killed a scorpion
  1164 | D:2      | Reached skill level 3 in Maces & Flails
  1164 | D:2      | Reached XP level 5. HP: 27/28 MP: 6/6
  1400 | D:2      | Noticed Natasha
  1405 | D:2      | Killed Natasha
  1655 | D:3      | Found an iron altar of Okawaru.
  1722 | D:3      | Found a glowing silver altar of Zin.
  1788 | D:3      | Found a shimmering altar of Xom.
  1896 | D:3      | Reached XP level 6. HP: 27/32 MP: 5/7
  2159 | D:3      | Found a stormy altar of Qazlal.
  2161 | D:3      | Found a radiant altar of Vehumet.
  2467 | D:4      | Found a bloodstained altar of Trog.
  2471 | D:4      | Identified the +0 animal skin "Isoit" {Will+ Int+5}
  2517 | D:4      | Found a staircase to the Ecumenical Temple.
  2583 | D:4      | Reached skill level 4 in Maces & Flails
  2644 | D:4      | Reached XP level 7. HP: 16/37 MP: 4/8
  3002 | D:4      | Found Surphikh's Elemental Accessories.
  3051 | D:4      | Noticed Robin
  3222 | D:4      | Killed Robin
  3765 | D:5      | Entered Level 5 of the Dungeon
  3765 | D:5      | Noticed Sigmund
  4118 | D:5      | Noticed Blork the orc
  4130 | D:5      | Killed Blork the orc
  4279 | D:5      | Reached skill level 5 in Maces & Flails
  4279 | D:5      | Gained mutation: You have razor-sharp teeth. [Vine Stalker
                  | growth]
  4279 | D:5      | Reached XP level 8. HP: 25/42 MP: 7/9
  4327 | D:5      | Killed Sigmund
  4715 | D:5      | Reached skill level 6 in Maces & Flails
  4907 | D:6      | Reached skill level 5 in Fighting
  4914 | D:6      | Reached XP level 9. HP: 47/47 MP: 10/10
  4916 | D:6      | Noticed Prince Ribbit
  4952 | D:6      | Killed Prince Ribbit
  4953 | D:6      | Reached skill level 5 in Shields
  5737 | D:7      | Reached skill level 7 in Maces & Flails
  6090 | D:8      | Reached skill level 5 in Armour
  6359 | D:8      | Noticed a hornet
  6366 | D:8      | Killed a hornet
  6367 | D:8      | Reached XP level 10. HP: 50/53 MP: 9/11
  6374 | D:8      | Noticed a centaur warrior
  6382 | D:8      | Shot with an arrow by a centaur warrior

Illustrated notes

Levels and vault maps discovered:
D:1:      dpeg_arrival_round_c, layout_basic
D:2:      layout_rooms, minivault_25, grunt_ministairs_1, uniq_natasha
D:3:      layout_basic, mainiacjoe_overflow_cross_hatched,
          nicolae_overflow_hidden_temple, zin_academy,
          mainiacjoe_overflow_big_doors
D:4:      kennysheep_kobold_camp, layout_loops_ring, bloody_trog,
          minmay_temple_entry_proselytizer, minmay_misc_feat_alley,
          nicolae_elemental_shop, minmay_pentangle, uniq_robin
D:5:      layout_gridville, hangedman_decor_clover_reticule, uniq_sigmund,
          uniq_blork_the_orc
D:6:      layout_loops_ring, st_stairs_9, uniq_prince_ribbit1
D:7:      layout_basic
D:8:      minmay_ornate_pinched, layout_rooms, introduction_to_nature_2

Skill      XL: |  1  2  3  4  5  6  7  8  9 10 |
---------------+-------------------------------+-----
Maces & Flails | 2 3 4 5 6 7 |  7.8
Fighting       | 3 4 5 6 |  6.0
Shields        | 3 4 5 |  5.8
Dodging        | 1 2 3 4 |  4.5
Armour         | 3 4 5 |  5.3

Action                   |  1- 3 |  4- 6 |  7- 9 | 10-12 || total
-------------------------+-------+-------+-------+-------++-------
Melee: Flail             |    87 |   159 |   436 |     3 ||   685
       Bite              |    16 |    39 |   139 |     1 ||   195
Throw: Dart              |       |       |    12 |       ||    12
Evoke: Wand              |       |       |     1 |     5 ||     6
  Use: Scroll            |     1 |     3 |     4 |       ||     8
       Potion            |       |     1 |       |       ||     1
Armor: Scale mail        |    39 |    86 |   201 |     1 ||   327
Dodge: Dodged            |    47 |    84 |   319 |     3 ||   453
Block: Buckler           |    10 |    41 |   132 |     3 ||   186

Table legend: (Time is in decaauts)
 A = Elapsed time spent in this place.
 B = Non-inter-level travel time spent in this place.
 C = Inter-level travel time spent in this place.
 D = Time resting spent in this place.
 E = Time spent auto-exploring this place.
 F = Levels seen in this place.
 G = Mean time per level.
                   A        B        C        D        E       F      G
               +--------+--------+--------+--------+--------+-----+--------+
         Total |   6526 |   6208 |    318 |      0 |   4669 |   8 |  815.8 |
       Dungeon |   6526 |   6208 |    318 |      0 |   4669 |   8 |  815.8 |
               +--------+--------+--------+--------+--------+-----+--------+

Top non-repeatable levels by time:
     D:4: 1416 daAuts
     D:5: 1070 daAuts
     D:1: 978 daAuts
     D:3: 851 daAuts
     D:6: 718 daAuts
     D:2: 665 daAuts
     D:7: 518 daAuts
     D:8: 306 daAuts
